 Dungeon Crawl Stone Soup version 0.29-a0-559-g359e09b9d1 (webtiles) character file.

Game seed: 12168192359677371020

38 raistware the Digger (level 3, -2/24 HPs)
             Began as a Human Earth Elementalist on June 9, 2022.
             Slain by an orc
             ... wielding a +0 trident
              (6 damage)
             ... on level 3 of the Dungeon.
             The game lasted 00:03:14 (2414 turns).

raistware the Digger (Human Earth Elementalist)     Turns: 2414, Time: 00:03:15

Health: -2/24      AC:  3    Str:  8    XL:     3   Next: 65%
Magic:  1/6        EV: 12    Int: 17    God:
Gold:   166        SH:  0    Dex: 13    Spells: 1/7 levels left

rFire   + . .      SeeInvis .   a - staff of fire
rCold   . . .      Faith    .   (no shield)
rNeg    . . .      Spirit   .   b - +0 robe
rPois   .          Reflect  .   (no helmet)
rElec   .          Harm     .   n - +0 cloak
rCorr   .          Rampage  .   (no gloves)
Will    .....                   (no boots)
Stlth   ++........              (no amulet)
HPRegen 0.08/turn               (no ring)
MPRegen 0.10/turn               (no ring)

@: very slightly contaminated
A: no striking features
a: no special abilities


You were on level 3 of the Dungeon.
You visited 1 branch of the dungeon, and saw 3 of its levels.

You collected 166 gold pieces.

Inventory:

Hand Weapons
 d - a +0 dagger of holy wrath
Missiles
 o - 133 stones
Armour
 b - a +0 robe (worn)
 n - a +0 cloak (worn)
Magical Staves
 a - a staff of fire (weapon)
Wands
 m - a wand of charming (6)
Scrolls
 i - 2 scrolls of teleportation {unknown}
 j - 4 scrolls of amnesia {unknown}
 l - a scroll of blinking {unknown}
 q - a scroll of identify {unknown}
Potions
 c - a potion of magic
 e - a potion of brilliance {unknown}
 f - 4 potions of curing {unknown}
 g - 2 potions of heal wounds {unknown}
 h - a potion of attraction {unknown}
 k - 2 potions of degeneration {unknown}
 p - a potion of cancellation {unknown}


   Skills:
 + Level 0.1 Fighting
 + Level 0.2 Staves
 - Level 2.0 Dodging
 - Level 2.0 Stealth
 * Level 2.6 Spellcasting
 + Level 1.4 Transmutations
 + Level 0.2 Fire Magic
 * Level 3.5 Earth Magic
 + Level 0.1 Evocations


You had one spell level left.
You knew the following spells:

 Your Spells              Type           Power      Damage    Failure   Level
a - Sandblast             Erth           28%        2d8       4%          1
b - Passwall              Tmut/Erth      8%         N/A       10%         2
c - Stone Arrow           Conj/Erth      16%        3d8       26%         3

Your spell library contained the following spells:

 Spells                   Type           Power      Damage    Failure   Level
 Petrify                  Tmut/Erth      10%        N/A       54%         4


Dungeon Overview and Level Annotations

Branches:
Dungeon (3/15)

Altars:

Shops:
D:2 *


Message History

A rat and 3 orcs come into view.
The orc shouts! x2
Casting: Sandblast (safe; 4% risk of failure)
Confirm with . or Enter, or press ? or * to list all spells.
The spell is extremely dangerous to miscast (26% risk of failure)!
Continue anyway?
Okay, then.
There is a stone staircase leading up here.
The orc hits you from afar with a +0 trident!
Casting: Stone Arrow (extremely dangerous; 26% risk of failure)
Confirm with . or Enter, or press ? or * to list all spells.
The spell is extremely dangerous to miscast (26% risk of failure)!
Continue anyway?
Okay, then.
Casting: Stone Arrow (extremely dangerous; 26% risk of failure)
Confirm with . or Enter, or press ? or * to list all spells.
The spell is extremely dangerous to miscast (26% risk of failure)!
Continue anyway?
Aiming: Stone Arrow (extremely dangerous; 26% risk of failure)
Press: ? - help, Shift-Dir - straight line, f - orc
Aim: an orc, wielding a +0 trident (64% to hit)
The stone arrow misses the orc. x2
The orc hits you from afar with a +0 trident!
Casting: Stone Arrow (extremely dangerous; 26% risk of failure)
Confirm with . or Enter, or press ? or * to list all spells.
Aiming: Sandblast (safe; 4% risk of failure)
Press: ? - help, Shift-Dir - straight line, f/p - orc
Aim: an orc, wielding a +0 trident (79% to hit)
The blast of sand hits the orc.
The orc is severely wounded.
The orc hits you from afar with a +0 trident.
* * * LOW HITPOINT WARNING * * *
Casting: Sandblast (safe; 4% risk of failure)
Confirm with . or Enter, or press ? or * to list all spells.
Aiming: Sandblast (safe; 4% risk of failure)
Press: ? - help, Shift-Dir - straight line, f/p - orc
Aim: an orc, wielding a +0 trident (severely wounded, 79% to hit)
You miscast Sandblast.
You are very lightly contaminated with residual magic.
Nothing appears to happen.
The orc shouts!
You hear an angry hiss.
The orc hits you from afar with a +0 trident.
You die...

####### #.oo.@#
#########.#######
+....o.o.........
####..#.#..#.....
.....#....# ####
....or.#....#
.......####.#
....... ...
.....## ##..


You could see 2 orcs.

Vanquished Creatures
  A dart slug (D:2)
  5 ball pythons
  5 endoplasms
  A goblin (D:1)
  3 hobgoblins
  3 jackals (D:2)
  A quokka (D:2)
  4 bats (D:1)
  2 frilled lizards
  A kobold (D:1)
  10 rats
36 creatures vanquished.

Notes
Turn   | Place    | Note
-------+----------+-------------------------------------------
     0 | D:1      | raistware the Human Earth Elementalist began the quest for
                  | the Orb.
     0 | D:1      | Reached XP level 1. HP: 13/13 MP: 3/3
   394 | D:1      | Reached XP level 2. HP: 19/19 MP: 5/5
   400 | D:1      | Learned a level 2 spell: Passwall
   800 | D:1      | Found a faded altar of an unknown god.
  1119 | D:2      | Found Dompit's General Store.
  1175 | D:2      | Reached XP level 3. HP: 19/24 MP: 6/6
  2345 | D:2      | Learned a level 3 spell: Stone Arrow
  2414 | D:3      | Slain by an orc

Illustrated notes

Levels and vault maps discovered:
D:1:      dpeg_arrival_shrine, layout_basic,
          shapermc_ecumenical_altar_hornbeckon
D:2:      layout_basic, serial_shops, nicolae_shop_statue_plus,
          kennysheep_nondescript, minmay_tromino_i4
D:3:      layout_basic, bloody_makhleb, fedhas_altar_2, serial_shops, shop,
          uniq_terence, uniq_grinder

Action                   || total
-------------------------++-------
Melee: Dagger            ||    46
       Staff             ||    39
       Punch             ||     1
 Cast: Sandblast         ||    20
       Stone Arrow       ||     1
 Stab: Sleeping          ||     7
Armor: Robe              ||    21
Dodge: Dodged            ||    55

Table legend: (Time is in decaauts)
 A = Elapsed time spent in this place.
 B = Non-inter-level travel time spent in this place.
 C = Inter-level travel time spent in this place.
 D = Time resting spent in this place.
 E = Time spent auto-exploring this place.
 F = Levels seen in this place.
 G = Mean time per level.
                   A        B        C        D        E       F      G
               +--------+--------+--------+--------+--------+-----+--------+
         Total |   2430 |   2397 |     33 |      0 |   2082 |   3 |  810.0 |
       Dungeon |   2430 |   2397 |     33 |      0 |   2082 |   3 |  810.0 |
               +--------+--------+--------+--------+--------+-----+--------+

Top non-repeatable levels by time:
     D:2: 1324 daAuts
     D:1: 1052 daAuts
     D:3: 53 daAuts
